 Dungeon Crawl Stone Soup version 0.15-a0-1004-gbf4e2e6 (webtiles) character file.

74 Quh the Magician (level 4, -2/25 HPs)
             Began as a Deep Elf Wizard on May 25, 2014.
             Killed by divine providence
             ... invoked by an orc priest
              (9 damage)
             ... on Level 3 of the Dungeon.
             The game lasted 00:09:36 (2481 turns).

Quh the Magician (Deep Elf Wizard)                  Turns: 2481, Time: 00:09:36

HP  -2/25        AC  2     Str  5      XL: 4   Next:  9%
MP  11/17        EV 12     Int 23      God:
Gold 94          SH  0     Dex 13      Spells:  4 memorised,  7 levels left

rFire  . . .     SeeInvis .     (no weapon)
rCold  . . .     Clarity  .     a - +0 robe
rNeg   . . .     Conserve .     (no shield)
rPois  .         rCorr    .     b - +0 hat
rElec  .         rRot     .     (no cloak)
SustAb .         Spirit   .     (no gloves)
rMut   .         Warding  .     (no boots)
Gourm  .         Stasis   .     e - amulet of faith
MR     .....                    (no ring)
                                (no ring)

@: not resistant to hostile enchantments, unstealthy
A: no striking features
a: no special abilities


You were on level 3 of the Dungeon.
You were hungry.

You visited 1 branch of the dungeon, and saw 3 of its levels.

You collected 94 gold pieces.

Inventory:

Armour
 a - a +0 robe (worn)
 b - a +0 hat (worn)
Comestibles
 d - 2 bread rations
 f - an apple
 l - a meat ration
 o - a lemon
 p - a snozzcumber
 q - a chunk of bat flesh
Scrolls
 j - 2 scrolls of remove curse {unknown}
 k - 2 scrolls of identify
 m - a scroll of teleportation {unknown}
Jewellery
 e - an amulet of faith (around neck)
Potions
 h - a potion of restore abilities
 i - a potion of curing {unknown}
 n - a potion of resistance {unknown}
Books
 c - a book of Minor Magic

   Spells                             Type                      Level
   *Magic Dart                        Conjuration                  1
   *Blink                             Translocation                2
   *Call Imp                          Summoning                    2
   *Repel Missiles                    Charms/Air                   2
   Slow                               Hexes                        2
   Conjure Flame                      Conjuration/Fire             3
   Mephitic Cloud                     Conjuration/Poison/Air       3


   Skills:
 - Level 1.2 Fighting
 - Level 2.4 Dodging
 + Level 2.4 Stealth
 - Level 5.6 Spellcasting
 + Level 2.3 Conjurations
 + Level 1.1 Summonings
 * Level 1.2 Translocations
 * Level 0.4 Air Magic


You had 7 spell levels left.
You knew the following spells:

 Your Spells              Type           Power        Failure   Level  Hunger
a - Magic Dart            Conj           ###.         3%          1    None
b - Blink                 Tloc           N/A          10%         2    None
c - Call Imp              Summ           ##......     10%         2    None
d - Repel Missiles        Chrm/Air       #.....       14%         2    None


Dungeon Overview and Level Annotations

Branches:
Dungeon (3/15)

Altars:
Gozag


Message History

r - Retreat! s - Stop attacking. w - Wait here. f - Follow me.
Anything else - Stay silent.
Gang up on whom?
Press: ? - help, Dir - move target cursor, f/p - orc priest
Aim: an orc priest, wielding a hand axe (moderately wounded) Attack!
Your shadow imp barely misses the orc priest.
Your iron imp barely misses the orc priest.
The orc priest hits your shadow imp but does no damage.
The orc priest hits your iron imp with a hand axe.
You swap places.
Your shadow imp hits the orc priest.
The orc priest invokes the aid of Beogh against you.
Something smites you!
Ouch! That really hurt!
* * * LOW HITPOINT WARNING * * *
You swap places.
Your shadow imp hits the orc priest.
The orc priest calls down the wrath of Beogh upon you.
Something smites you!
You die...

#..#..# ##...## #.##
#.###.########'## #.#
###.)#.........>.#
#.#
#........######..#
#.# #.###.##.# #..##
#.#
#.##.######...####.##
#.(5....##.....#.....
####.##..........#.##
#@######.%###...# #5#
#..# #####
......wo5........#
.##############.# #.#
.


You could see an orc priest, a friendly iron imp, a friendly crimson imp and a
friendly shadow imp.

Vanquished Creatures
  An adder (D:2)
  2 giant geckos
  11 bats
  3 giant cockroaches
  6 hobgoblins
  4 jackals
  9 kobolds
  3 ball pythons
  A giant newt (D:1)
  9 goblins
  5 rats
54 creatures vanquished.

Vanquished Creatures (collateral kills)
  4 orcs (D:3)
4 creatures vanquished.

Grand Total: 58 creatures vanquished

Notes
Turn   | Place    | Note
--------------------------------------------------------------
     0 | D:1      | Quh, the Deep Elf Wizard, began the quest for the Orb.
     0 | D:1      | Reached XP level 1. HP: 10/10 MP: 6/6
   310 | D:1      | Reached XP level 2. HP: 16/16 MP: 5/10
   312 | D:1      | Reached skill level 5 in Spellcasting
   316 | D:1      | Learned a level 2 spell: Blink
   319 | D:1      | Learned a level 2 spell: Call Imp
   322 | D:1      | Learned a level 2 spell: Repel Missiles
  1335 | D:1      | Reached XP level 3. HP: 20/20 MP: 8/14
  1445 | D:1      | Reached skill level 1 in Fighting
  2218 | D:2      | Found an opulent altar of Gozag.
  2443 | D:3      | Reached XP level 4. HP: 18/25 MP: 13/17
  2481 | D:3      | Killed from afar by an orc priest

Action                   |  1- 3 |  4- 6 || total
-------------------------+-------+-------++-------
 Cast: Magic Dart        |   128 |     1 ||   129
       Blink             |     2 |       ||     2
       Call Imp          |       |     3 ||     3
  Use: Scroll            |     1 |       ||     1
